 Dungeon Crawl Stone Soup version 0.31-a0-222-gefeffbb62a (webtiles) character file.

Game seed: 17626077345975160358

21 Ijustatesigmund the Stinger (level 2, 0/27 HPs)
             Began as an Octopode Venom Mage on July 5, 2023.
             Succumbed to an adder's poison
             ... on level 2 of the Dungeon.
             The game lasted 00:01:52 (930 turns).

Ijustatesigmund the Stinger (Octopode Venom Mage)    Turns: 930, Time: 00:01:53

Health: 0/27       AC: 21    Str:  4 (7)  XL:     2   Next: 83%
Magic:  3/5        EV:  2    Int: 16 (17) God:
Gold:   84         SH:  0    Dex: 10 (12) Spells: 2/5 levels left

rFire   . . .        c - +0 short sword
rCold   . . .        (no shield)
rNeg    . . .        (helmet currently unavailable)
rPois   +            (no amulet)
rElec   .            (no ring)
rCorr   .            (no ring)
SInv    .            (no ring)
Will    .....        (no ring)
Stlth   ++           (no ring)
HPRegen 0.24/turn    (no ring)
MPRegen 0.09/turn    (no ring)
                     (no ring)

%: no passive effects
@: lethally poisoned (0 -> -2), tree-form, invisible
A: stationary, stasis, torment immunity, boosted hp, almost no armour,
(amphibious), 8 rings, (camouflage 1), (gelatinous body 1), (nimble swimmer 1),
(tentacles)
a: no special abilities


You were on level 2 of the Dungeon.
You were a tree.
You visited 1 branch of the dungeon, and saw 2 of its levels.

You collected 84 gold pieces.

Inventory:

Hand Weapons
 c - a +0 short sword (weapon)
Potions
 a - a potion of magic


   Skills:
 + Level 1.1 Fighting
 - Level 2.0 Dodging
 - Level 2.6 Stealth
 + Level 2.3 Spellcasting
 - Level 1.0 Transmutations
 + Level 0.5 Air Magic
 + Level 4.0 Poison Magic


You had 2 spell levels left.
You knew the following spells:

 Your Spells              Type           Power      Damage    Failure   Level
a - Sting                 Tmut/Pois      36%        1d4       7%          1
b - Poisonous Vapours     Pois/Air       18%        N/A       12%         2

Your spell library contained the following spells:

 Spells                   Type           Power      Damage    Failure   Level
 Mephitic Cloud           Conj/Pois/Air  6%         N/A       32%         3
 Olgreb's Toxic Radiance  Pois           14%        N/A       36%         4


Dungeon Overview and Level Annotations

Branches:
Dungeon (2/15)

Altars:

Shops:
D:1 [


Innate Abilities, Weirdness & Mutations

You are a tree.
Your roots penetrate the ground, keeping you stationary.
You cannot be teleported.
You are immune to unholy pain and torment.
Your maximum health is greatly increased.
You cannot wear most types of armour.
((You are amphibious.))
You can wear up to eight rings at the same time.
((Your skin changes colour to match your surroundings (Stealth+).))
((Your rubbery body absorbs attacks. (AC +1, EV +1)))
((You are camouflaged when in or above water. (Stealth+)))
((You have tentacles for arms and can constrict up to eight enemies at once.))


Message History

The adder bites you.
You are poisoned.
The adder poisons you!
An adder is nearby!
You miss the adder. Your grab misses the adder. Your squeeze misses the adder.
The adder is lightly wounded.
You feel sick. The adder bites you.
You are more poisoned.
The adder poisons you!
Casting: Poisonous Vapours (safe; 11% risk of failure)
Confirm with . or Enter, or press ? or * to list all spells.
Aiming: Sting (safe; 7% risk of failure)
Press: ? - help, Shift-Dir - straight line, f/p - adder
Aim: an adder (lightly wounded, 53% to hit)
The sting hits the adder.
The adder is poisoned.
The adder is moderately wounded.
You feel sick. The adder bites you. x2
* * * LOW HITPOINT WARNING * * *
Your magical contamination has completely faded away.
It was a potion of degeneration.
There was something very wrong with that liquid.
You feel weakened.
You feel dopey.
You feel clumsy.
* * * LOW HITPOINT WARNING * * *
You feel sick. The adder barely misses you.
It was a potion of lignification.
You turn into a tree.
Your roots penetrate the ground.
* * * LOW HITPOINT WARNING * * *
You feel sick. The adder bites you but does no damage.
It was a potion of invisibility.
You fade into invisibility!
* * * LOW HITPOINT WARNING * * *
You feel sick.
The adder bites you but does no damage. x2
You miss the adder.
The adder is moderately wounded.
* * * LOW HITPOINT WARNING * * *
You feel sick. The adder bites you.
* * * LOW HITPOINT WARNING * * *
You hit the adder.
The adder is severely wounded.
You die...

# # #######...#
.. ##!.♣S...#
..####..#######
# ...#.##
###.##>#..######
........._......
##..#...#######
#####.#...#
.......<#..#
####....#.....


You could see an adder (unable to see you, poisoned).

Vanquished Creatures
  2 endoplasms (D:1)
  4 goblins (D:1)
  2 hobgoblins (D:1)
  2 quokkas (D:1)
  3 ball pythons (D:1)
  A bat (D:1)
  A frilled lizard (D:1)
  2 kobolds (D:1)
  2 rats (D:1)
19 creatures vanquished.

Notes
Turn   | Place    | Note
-------+----------+-------------------------------------------
     0 | D:1      | Ijustatesigmund the Octopode Venom Mage began the quest for
                  | the Orb.
     0 | D:1      | Reached XP level 1. HP: 11/11 MP: 3/3
   236 | D:1      | Found Jukoqil's Armour Shop.
   267 | D:1      | Reached XP level 2. HP: 18/18 MP: 1/5
   312 | D:1      | Learned a level 2 spell: Poisonous Vapours
   558 | D:1      | Reached skill level 1 in Fighting
   655 | D:1      | Reached skill level 4 in Poison Magic
   911 | D:2      | Found a faded altar of an unknown god.
   929 | D:2      | HP: 1/27 [adder (1)]
   930 | D:2      | Succumbed to an adder's poison

Illustrated notes

Levels and vault maps discovered:
D:1:      minmay_arrival_shattered_statue, layout_basic, serial_shops,
          shop_statue, minmay_small_reverse_x
D:2:      layout_rooms, serial_shops, shop, basic_ecumenical_altar

Skill      XL: |  1  2 |
---------------+-------+-----
Fighting       | 1 |  1.1
Poison Magic   | 4 |  4.0
Dodging        | |  2.0
Stealth        | |  2.6
Spellcasting   | |  2.3
Transmutations | |  1.0
Air Magic      | |  0.5

Action                     || total
---------------------------++-------
  Melee: Short sword       ||    38
         Constrict         ||     4
         Tentacles         ||     4
   Cast: Sting             ||     6
         Poisonous Vapours ||     8
    Use: Potion            ||     3
   Stab: Sleeping          ||     1
 Armour: Skin              ||     5
  Dodge: Dodged            ||    17

Table legend: (Time is in decaauts)
 A = Elapsed time spent in this place.
 B = Non-inter-level travel time spent in this place.
 C = Inter-level travel time spent in this place.
 D = Time resting spent in this place.
 E = Time spent auto-exploring this place.
 F = Levels seen in this place.
 G = Mean time per level.
                   A        B        C        D        E       F      G
               +--------+--------+--------+--------+--------+-----+--------+
         Total |    929 |    909 |     20 |      0 |    767 |   2 |  464.5 |
       Dungeon |    929 |    909 |     20 |      0 |    767 |   2 |  464.5 |
               +--------+--------+--------+--------+--------+-----+--------+

Top non-repeatable levels by time:
     D:1: 910 daAuts
     D:2: 18 daAuts
